 Dungeon Sprint DCSS version 0.30-a0-930-gb9d0489357 (webtiles) character file.

Game seed: 11321554536737831362

885 fozzywoppz the Fighter (level 7, -8/64 HPs)
             Began as a Demonspawn Fighter on Mar 24, 2023.
             Was an Initiate of Jiyva.
             Mangled by a wight
             ... wielding a +3 dire flail
              (12 damage)
             ... in the Dungeon (Sprint IX: "|||||||||||||||||||||||||||||").
             The game lasted 00:02:09 (195 turns).

fozzywoppz the Fighter (Demonspawn Fighter)          Turns: 195, Time: 00:02:09

Health: -8/64      AC: 19    Str: 17    XL:     7   Next: 76%
Magic:  7/7        EV:  9    Int:  9    God:    Jiyva [......]
Gold:   0          SH:  6    Dex: 14    Spells: 6/6 levels left

rFire   . . .      SeeInvis .      - Unarmed
rCold   . . .      Faith    .    b - +0 buckler
rNeg    . . .      Spirit   .    n - +1 chain mail
rPois   .          Reflect  .    (no helmet)
rElec   .          Rampage  .    (no cloak)
rCorr   .          NoTele   +    a - +0 pair of gloves
Will    .....                    o - +0 pair of boots Stlth
                                 (no amulet)
HPRegen 0.30/turn                l - +2 ring of protection
MPRegen 0.10/turn                m - +2 ring of evasion

@: mighty, hasted, very quick
A: hooves 1, thin metallic scales 2, ignite blood 1
a: Renounce Religion


You were in the Dungeon.
You worshipped Jiyva.
Jiyva was noncommittal.
You visited 1 branch

Inventory:

Armour
 a - a +0 pair of gloves (worn)
 b - a +0 buckler (worn)
 n - a +1 chain mail (worn)
 o - a +0 pair of boots (worn)
Jewellery
 l - a +2 ring of protection (left hand)
 m - a +2 ring of evasion (right hand)
Wands
 k - a wand of quicksilver (10)
Scrolls
 i - 2 scrolls of blinking
 j - 2 scrolls of amnesia
Potions
 d - 5 potions of curing
 g - 4 potions of magic
 h - a potion of invisibility


   Skills:
 + Level 9.2 Fighting
 + Level 8.6 Armour
 - Level 8.0 Shields
 + Level 8.1 Unarmed Combat


You had 6 spell levels left.
You didn't know any spells.
Your spell library was empty.

Dungeon Overview and Level Annotations

Branches:
Dungeon (1/1)

Altars:
Cheibriados
Dithmenos
Fedhas
Gozag
Hepliaklqana
Kikubaaqudgha
Makhleb
Nemelex Xobeh
Okawaru
Qazlal
Ru
Sif Muna
Trog
Uskayaw
Vehumet
Wu Jian
Xom
Yredelemnul
Jiyva
Lugonu


Innate Abilities, Weirdness & Mutations

You have large cloven feet.
You are mostly covered in thin metallic scales. (AC +3)
Your demonic aura sometimes causes spilled blood to erupt in flames.


Message History

The two-headed ogre hits you but does no damage.
You closely miss the two-headed ogre.
The two-headed ogre is heavily wounded.
The two-headed ogre closely misses you.
The two-headed ogre hits you with a +0 giant club.
You barely miss the two-headed ogre.
The two-headed ogre is heavily wounded.
You punch the two-headed ogre!
The two-headed ogre is severely wounded.
The two-headed ogre closely misses you.
The two-headed ogre hits you with a +0 giant club!
* * * LOW HITPOINT WARNING * * *
Unknown command.
You punch the two-headed ogre!
The two-headed ogre is almost dead.
You barely miss the two-headed ogre.
The two-headed ogre is almost dead.
You block the two-headed ogre's attack. The two-headed ogre barely misses you.
Unknown command.
You barely miss the two-headed ogre.
The two-headed ogre is almost dead.
You block the two-headed ogre's attack.
The two-headed ogre hits you but does no damage.
You punch the two-headed ogre!
You kill the two-headed ogre!
Training target 8.0 for Shields reached!
Your Fighting skill gained 2 levels and is now at level 9!
Your Armour skill gained 2 levels and is now at level 8!
Your Shields skill gained 2 levels and is now at level 8!
Your Unarmed Combat skill gained 2 levels and is now at level 8!
You have reached level 7!
Your demonic ancestry asserts itself...
Your blood heats up.
You feel yourself speed up.
The wight hits you with a +3 dire flail!
* * * LOW HITPOINT WARNING * * *
Unknown command.
You hit the wight but do no damage.
The wight hits you with a +3 dire flail!
You die... ▓▓▓▓▓▓▓▓▓▓▓▓▓▓▓▓▓▓▓▓▓▓▓▓ ...YYKz@.[...)..'_______ ▓▓▓▓▓▓▓▓▓▓▓▓▓▓▓▓▓▓▓▓▓▓▓▓

You could see 2 yaks, a kobold brigand and a wight.

Vanquished Creatures
  A two-headed ogre (D)
  A yak (D)
  A black bear (D)
  An orc wizard (D)
  A white imp (D)
  A worm (D)
  An orc (D)
  2 endoplasms (D)
  A giant cockroach (D)
  A kobold (D)
  A rat (D)
12 creatures vanquished.

Vanquished Creatures (others)
  2 great orbs of eyes (D)
  2 slime creatures (D)
4 creatures vanquished.

Grand Total: 16 creatures vanquished

Notes
Turn   | Place    | Note
-------+----------+-------------------------------------------
     0 | D        | fozzywoppz the Demonspawn Fighter began the quest for the
                  | Orb.
     0 | D        | Reached XP level 1. HP: 18/18 MP: 1/1
    25 | D        | Noticed an orc wizard
    25 | D        | Noticed a black bear
    29 | D        | Gained mutation: You are partially covered in thin metallic
                  | scales. (AC +2) [demonic ancestry]
    29 | D        | Reached XP level 2. HP: 25/25 MP: 2/2
    32 | D        | Killed a black bear
    33 | D        | Reached skill level 5 in Fighting
    33 | D        | Reached XP level 3. HP: 28/33 MP: 3/3
    33 | D        | Gained mutation: You have large cloven feet. [demonic
                  | ancestry]
    33 | D        | Reached XP level 4. HP: 33/39 MP: 4/4
    34 | D        | Reached skill level 5 in Armour
    34 | D        | Reached skill level 5 in Shields
    38 | D        | Reached XP level 5. HP: 27/46 MP: 5/5
    46 | D        | Found a snail-covered altar of Cheibriados.
    46 | D        | Found a shadowy altar of Dithmenos.
    46 | D        | Found a blossoming altar of Fedhas.
    46 | D        | Found an opulent altar of Gozag.
    47 | D        | Found a hazy altar of Hepliaklqana.
    48 | D        | Found a viscous altar of Jiyva.
    49 | D        | Found an ancient bone altar of Kikubaaqudgha.
    50 | D        | Found a corrupted altar of Lugonu.
    51 | D        | Found a burning altar of Makhleb.
    52 | D        | Found a sparkling altar of Nemelex Xobeh.
    53 | D        | Found an iron altar of Okawaru.
    54 | D        | Found a stormy altar of Qazlal.
    55 | D        | Found a sacrificial altar of Ru.
    56 | D        | Found a shimmering blue altar of Sif Muna.
    57 | D        | Found a bloodstained altar of Trog.
    58 | D        | Found a hide-covered altar of Uskayaw.
    59 | D        | Found a radiant altar of Vehumet.
    60 | D        | Found an ornate altar of the Wu Jian Council.
    61 | D        | Found a shimmering altar of Xom.
    62 | D        | Found a basalt altar of Yredelemnul.
   142 | D        | Became a worshipper of Jiyva Joapt the Shapeless
   144 | D        | Killed a slime creature
   146 | D        | Killed a slime creature
   147 | D        | Killed a great orb of eyes
   148 | D        | Killed a great orb of eyes
   169 | D        | Noticed a yak
   169 | D        | Noticed a yak
   169 | D        | Noticed a two-headed ogre
   169 | D        | Noticed a yak
   180 | D        | Killed a yak
   181 | D        | Reached skill level 7 in Fighting
   181 | D        | Gained mutation: You are mostly covered in thin metallic
                  | scales. (AC +3) [demonic ancestry]
   181 | D        | Reached XP level 6. HP: 15/55 MP: 6/6
   193 | D        | Killed a two-headed ogre
   194 | D        | Reached skill level 9 in Fighting
   194 | D        | Gained mutation: Your demonic aura sometimes causes spilled
                  | blood to erupt in flames. [demonic ancestry]
   194 | D        | Reached XP level 7. HP: 12/64 MP: 7/7
   195 | D        | Mangled by a wight

Illustrated notes

Levels and vault maps discovered:
D:        linesprint [early_d, line_temple, items_1, d_10, items_2, lair_1,
          lair_end, items_3, orc_1, orc_end, items_4, d_15, swamp_1, shoals_1,
          snake_1, spider_1, d_20, vaults_1, items_5, swamp_end, shoals_end,
          snake_end, spider_end, vaults_end, d_27, items_6, zot_1, zot_end,
          crypt_end, forest_end, elf_end, slime_end, tomb_end, abyss_end,
          pan_hell_end]

Skill      XL: |  1  2  3  4  5  6 |
---------------+-------------------+-----
Unarmed Combat | 2 4 6 8 |  8.1
Armour         | 3 4 5 6 8 |  8.6
Shields        | 3 4 5 6 8 |  8.0
Fighting       | 5 7 9 |  9.2

Action                     |  1- 3 |  4- 6 |  7- 9 || total
---------------------------+-------+-------+-------++-------
  Melee: Unarmed           |    21 |    23 |     1 ||    45
         Kick              |       |     2 |       ||     2
    Use: Potion            |     1 |     4 |     1 ||     6
 Armour: Scale mail        |     6 |       |       ||     6
         Chain mail        |       |     4 |       ||     4
  Dodge: Dodged            |     2 |     6 |       ||     8
  Block: Buckler           |     2 |     6 |       ||     8

Table legend: (Time is in decaauts)
 A = Elapsed time spent in this place.
 B = Non-inter-level travel time spent in this place.
 C = Inter-level travel time spent in this place.
 D = Time resting spent in this place.
 E = Time spent auto-exploring this place.
 F = Levels seen in this place.
 G = Mean time per level.
                   A        B        C        D        E       F      G
               +--------+--------+--------+--------+--------+-----+--------+
         Total |    203 |    203 |      0 |      0 |      0 |   1 |  203.0 |
       Dungeon |    203 |    203 |      0 |      0 |      0 |   1 |  203.0 |
               +--------+--------+--------+--------+--------+-----+--------+

Top non-repeatable levels by time:
       D: 203 daAuts
